 Dungeon Crawl Stone Soup version 0.31-a0-145-g046c7d2549 (webtiles) character file.

Game seed: 5158477536527051635

25 Edyrem the Trooper (level 3, -6/20 HPs)
             Began as a Vine Stalker Fighter on June 6, 2023.
             Mangled by Sigmund
             ... wielding a +0 scythe
              (8 damage)
             ... on level 2 of the Dungeon.
             The game lasted 00:01:41 (691 turns).

Edyrem the Trooper (Vine Stalker Fighter)            Turns: 691, Time: 00:01:42

Health: -6/20      AC:  7    Str: 20    XL:     3   Next: 6%
Magic:  0/4        EV:  9    Int: 14    God:
Gold:   53         SH:  4    Dex: 13    Spells: 2/2 levels left

rFire   . . .        a - +0 rapier
rCold   . . .        c - +0 buckler
rNeg    . . .        b - +0 scale mail
rPois   .            (no helmet)
rElec   .            (no cloak)
rCorr   .            f - +0 pair of gloves
SInv    .            (no boots)
Will    .....        (no amulet) Stlth
                     j - +6 ring of intelligence
HPRegen 0.23/turn    (no ring)
MPRegen 0.09/turn

%: guardian spirit
@: no status effects
A: fangs 2, magic shield, antimagic bite, no potion heal 2
a: no special abilities


You were on level 2 of the Dungeon.
You visited 1 branch of the dungeon, and saw 2 of its levels.

You collected 53 gold pieces.

Inventory:

Hand Weapons
 a - a +0 rapier (weapon)
Armour
 b - a +0 scale mail (worn)
 c - a +0 buckler (worn)
 f - a +0 pair of gloves (worn)
Jewellery
 j - a +6 ring of intelligence (left hand)
Scrolls
 e - 2 scrolls of blinking {unknown}
 g - a scroll of fear {unknown}
 h - a scroll of poison {unknown}
Potions
 d - a potion of might
 i - a potion of lignification {unknown}
 k - a potion of heal wounds {unknown}


   Skills:
 + Level 3.0 Fighting
 - Level 1.7 Short Blades
 + Level 2.6 Armour
 + Level 3.0 Shields
 + Level 1.1 Unarmed Combat


You had 2 spell levels left.
You didn't know any spells.
Your spell library contained the following spells:

 Spells                   Type           Power      Damage    Failure   Level
 Dazzling Flash           Conj/Hex       0%         N/A       97%         3
 Portal Projectile        Hex/Tloc       0%         N/A       97%         3
 Tukima's Dance           Hex            0%         N/A       97%         3
 Agony                    Necr           0%         N/A       100%        5
 Blade Hands              Tmut           0%         N/A       100%        5
 Silence                  Hex/Air        0%         N/A       100%        5


Dungeon Overview and Level Annotations

Branches:
Dungeon (2/15)

Altars:

Annotations:
D:2 Sigmund


Innate Abilities, Weirdness & Mutations

You have extremely sharp teeth.
When hurt, damage is shared between your health and your magic reserves.
Your bite disrupts and absorbs the magic of your enemies.
Potions cannot restore your health.


Message History

a +0 club; a goblin skeleton; a ball python skeleton
Items here: )) รทรท.
There is a stone staircase leading down here.
You climb downwards.
There is a stone staircase leading up here.
Found a stone staircase leading down.
No target in view!
k - a silvery potion
Found a robe.
Sigmund the Dreaded comes into view.
He is wielding a +0 scythe and carrying a wand of flame (13).
Sigmund shouts!
You block Sigmund's attack.
You closely miss Sigmund. You bite Sigmund, but do no damage.
Sigmund gestures at you while chanting. The magic dart hits you.
You hit Sigmund. Your bite misses Sigmund.
Sigmund is lightly wounded.
Sigmund zaps a wand.
The puff of flame hits you.
You hit Sigmund but do no damage.
Sigmund is lightly wounded.
Sigmund hits you with a +0 scythe!
* * * LOW HITPOINT WARNING * * *
You hit Sigmund.
Sigmund is moderately wounded.
Sigmund barely misses you.
You hit Sigmund.
Sigmund is heavily wounded.
Sigmund hits you with a +0 scythe.
* * * LOW HITPOINT WARNING * * *
You closely miss Sigmund.
Sigmund is heavily wounded.
You barely miss Sigmund.
Sigmund is heavily wounded.
Sigmund barely misses you.
You completely miss Sigmund. You bite Sigmund.
Sigmund's magic leaks into the air.
You drain his magic.
You feel invigorated.
Sigmund is severely wounded.
Sigmund giggles. "Time to reap what you sow."
Sigmund hits you with a +0 scythe!
You die...

.. #...# #.# #.##.#
#.#######.###.###.##.#
......................
..........#######.####
..........# #.#
..........# #.#
..........# #.#
######.#.#######.#
#.@@..#.[.......#
#.....###########
#.....# #.....#
#...... ########


You could see Sigmund (magic disrupted).

Vanquished Creatures
  A dart slug (D:1)
  3 ball pythons (D:1)
  A bat (D:1)
  2 endoplasms (D:1)
  6 goblins (D:1)
  2 hobgoblins (D:1)
  3 kobolds (D:1)
  2 rats (D:1)
20 creatures vanquished.

Notes
Turn   | Place    | Note
-------+----------+-------------------------------------------
     0 | D:1      | Edyrem the Vine Stalker Fighter began the quest for the
                  | Orb.
     0 | D:1      | Reached XP level 1. HP: 11/11 MP: 2/2
    49 | D:1      | Reached XP level 2. HP: 16/16 MP: 3/3
   250 | D:1      | Reached skill level 1 in Unarmed Combat
   334 | D:1      | Reached XP level 3. HP: 20/20 MP: 4/4
   681 | D:2      | Noticed Sigmund
   688 | D:2      | HP: 1/20 [Sigmund/+0 scythe (3)]
   691 | D:2      | Mangled by Sigmund

Illustrated notes

Levels and vault maps discovered:
D:1:      dpeg_arrival_morbid_curiosity, layout_rooms
D:2:      layout_basic, hangedman_decor_slide_cut, kennysheep_generic_room_11,
          uniq_sigmund

Skill      XL: |  1  2 |
---------------+-------+-----
Unarmed Combat | 1 |  1.1
Fighting       | 3 |  3.0
Shields        | 3 |  3.0
Short Blades   | |  1.7
Armour         | |  2.6

Action                     || total
---------------------------++-------
  Melee: Rapier            ||    55
         Bite              ||    13
 Armour: Scale mail        ||    28
  Dodge: Dodged            ||    28
  Block: Buckler           ||     8

Table legend: (Time is in decaauts)
 A = Elapsed time spent in this place.
 B = Non-inter-level travel time spent in this place.
 C = Inter-level travel time spent in this place.
 D = Time resting spent in this place.
 E = Time spent auto-exploring this place.
 F = Levels seen in this place.
 G = Mean time per level.
                   A        B        C        D        E       F      G
               +--------+--------+--------+--------+--------+-----+--------+
         Total |    698 |    650 |     48 |      0 |    494 |   2 |  349.0 |
       Dungeon |    698 |    650 |     48 |      0 |    494 |   2 |  349.0 |
               +--------+--------+--------+--------+--------+-----+--------+

Top non-repeatable levels by time:
     D:1: 620 daAuts
     D:2: 78 daAuts
